[Event "Titled Tuesday Blitz March 07 Late 2023"]
[White "Romero Ruscalleda, Josep"]
[Black "Kretchetov, Alexandre"]
[WhiteFideId "2231859"]
[BlackFideId "4124588"]
[WhiteElo "2183"]
[BlackElo "2529"]
[Result "0-1"]
[Round "03"]
[TimeControl "180+2"]
[Date "2023.03.07"]
[WhiteClock "0:00:15"]
[BlackClock "0:01:06"]

1. e4 c6 2. Nc3 d5 3. Nf3 g6 4. d4 Bg7 5. Be3 Bg4 6. h3 Bxf3 7. Qxf3 e6 8. exd5 cxd5 9. Ne2 Nc6 10. c3 Nge7 11. Ng3 O-O 12. Bd3 a6 13. a4 Rc8 14. O-O Na5 15. Rfe1 Nc4 16. Re2 b5 17. axb5 axb5 18. Bg5 Rc7 19. h4 Qd7 20. h5 f6 21. Bc1 e5 22. hxg6 hxg6 23. Bc2 e4 24. Qf4 f5 25. Qg5 Bf6 26. Qh6 Kf7 27. Qf4 Rh8 28. b3 Nd6 29. Ba3 Ne8 30. Bc5 Rh4 31. Qd2 Ng7 32. c4 Rxc5 33. dxc5 Bxa1 34. Qa5 Bd4 35. Qb6 bxc4 36. b4 Qe6 37. Qc7 Ne8 38. Qb7 e3 39. Ba4 Nf6 40. fxe3 Bxe3+ 41. Kf1 Qe5 0-1


[Site "https://www.chess.com"]

[Event "Titled Tuesday Blitz March 07 Late 2023"]
[White "Paspuel, Trosky"]
[Black "Risteski, Emil"]
[WhiteFideId "3602150"]
[BlackFideId "15005267"]
[WhiteElo "2332"]
[BlackElo "2251"]
[Result "0-1"]
[Round "03"]
[TimeControl "180+2"]
[Date "2023.03.07"]
[WhiteClock "0:00:19"]
[BlackClock "0:00:37"]

1. c4 d6 2. Nc3 e5 3. g3 f5 4. Nf3 Nf6 5. d4 e4 6. Nh4 c6 7. Ng2 Be7 8. Bg5 O-O 9. Nf4 h6 10. Bxf6 Bxf6 11. h4 c5 12. dxc5 dxc5 13. Qxd8 Bxc3+ 14. bxc3 Rxd8 15. Rd1 Rxd1+ 16. Kxd1 Nc6 17. e3 Ne5 18. Be2 Bd7 19. h5 Rd8 20. Kc1 Be8 21. Rd1 Rxd1+ 22. Kxd1 Bf7 23. Nd5 Kf8 24. Kc2 b5 25. Nc7 bxc4 26. Na6 Ke7 27. Nxc5 Kd6 28. Na4 Nd3 29. f3 exf3 30. Bxd3 cxd3+ 31. Kxd3 Bxa2 32. Nb2 a5 33. c4 Kc5 0-1


[Site "https://www.chess.com"]

[Event "Titled Tuesday Blitz March 07 Late 2023"]
[White "Do Nascimento,Christian Almeida"]
[Black "Delgado Rosas, Fatima Alexandra"]
[WhiteFideId "2143801"]
[BlackFideId "6603963"]
[WhiteElo "2125"]
[BlackElo "2331"]
[Result "1-0"]
[Round "03"]
[TimeControl "180+2"]
[Date "2023.03.07"]
[WhiteClock "0:02:36"]
[BlackClock "0:02:42"]

1. e4 c6 2. d4 d5 3. Nc3 dxe4 4. Nxe4 Nf6 5. Ng5 h6 6. N5f3 Bg4 7. Bc4 e6 8. h3 Bh5 9. g4 Bg6 10. Ne5 Bh7 11. Qe2 Bd6 12. Nxf7 Kxf7 13. Qxe6+ Kg6 14. Qf7# 1-0


[Site "https://www.chess.com"]

[Event "Titled Tuesday Blitz March 07 Late 2023"]
[White "Avalos Parra, Joao"]
[Black "Fernandez Garcia, Gumersindo"]
[WhiteFideId "3402541"]
[BlackFideId "24516740"]
[WhiteElo "2173"]
[BlackElo "2093"]
[Result "1/2-1/2"]
[Round "03"]
[TimeControl "180+2"]
[Date "2023.03.07"]
[WhiteClock "0:00:09"]
[BlackClock "0:00:07"]

1. d4 Nf6 2. Nf3 d5 3. c4 c6 4. Nc3 dxc4 5. a4 Na6 6. g3 h6 7. Bg2 Bf5 8. O-O e6 9. Ne5 Be7 10. Nxc4 O-O 11. e4 Bg6 12. Re1 Nb4 13. h3 Qc7 14. a5 Rfd8 15. Bf4 Qc8 16. Be3 c5 17. d5 exd5 18. exd5 Nc2 19. Rc1 Nxe1 20. Qxe1 Bf5 21. a6 Rb8 22. g4 Bd7 23. axb7 Rxb7 24. d6 Bf8 25. Bxb7 Qxb7 26. Bxc5 Bc6 27. Na5 Qa8 28. Nxc6 Qxc6 29. Bxa7 Bxd6 30. Qf1 Qb7 31. Be3 Qxb2 32. Ne2 Re8 33. Rd1 Bb8 34. Rd2 Qb5 35. Nd4 Qe5 36. Nf3 Qe4 37. Qg2 Nd5 38. Rd4 Qb1+ 39. Qf1 Qb7 40. Bd2 Ba7 41. Rd3 Nb4 42. Bxb4 Qxb4 43. Qd1 Bb6 44. Kg2 Qc5 45. Qd2 g6 46. Rd5 Qc7 47. Qxh6 Qc6 48. Qg5 Re2 49. Rd2 Rxd2 50. Qxd2 Bc7 51. Qe2 Qd5 52. Qc2 Bd6 53. Qc8+ Kg7 54. Qc3+ Kh7 55. Qe3 Kg8 56. Qe2 Bc5 57. Qe8+ Kg7 58. Qe2 Bd6 59. Qb2+ f6 60. Qe2 g5 61. Kf1 Bc5 62. Qb2 Qc4+ 63. Qe2 Qc1+ 64. Ne1 Qc3 65. Qd3 Qe5 66. Qd7+ Kh6 67. Qd3 Qh2 68. Qf3 Qe5 69. Nd3 Qa1+ 70. Kg2 Bb6 71. Qf5 Qd4 72. h4 gxh4 73. Qh5+ Kg7 74. Qf5 Qd6 75. g5 fxg5 76. Qxg5+ Kf8 77. Qf5+ Ke8 78. Qf3 Qg6+ 79. Kf1 Qg5 80. Nf4 Bc7 81. Qh5+ Qxh5 82. Nxh5 Kf7 83. Kg2 Kg6 84. Ng3 Kg5 85. Ne4+ Kf4 86. Nd2 Bd8 87. Nf1 Kg4 88. f3+ Kf4 89. Nd2 Ke3 90. Nf1+ Ke2 91. Nh2 Be7 92. Ng4 Bg5 93. Ne5 Ke3 94. Ng6 Kd4 95. Nxh4 Bxh4 96. Kh3 Bf6 97. Kg4 Ke5 98. f4+ Ke4 99. f5 Be7 100. Kh5 Ke5 101. Kg6 Bd8 102. f6 Ke6 103. f7 Be7 104. f8=Q Bxf8 1/2-1/2


[Site "https://www.chess.com"]

[Event "Titled Tuesday Blitz March 07 Late 2023"]
[White "Carbone, Diego"]
[Black "Bach, Matthias"]
[WhiteFideId "3002179"]
[BlackFideId "4603168"]
[WhiteElo "2266"]
[BlackElo "2165"]
[Result "1/2-1/2"]
[Round "03"]
[TimeControl "180+2"]
[Date "2023.03.07"]
[WhiteClock "0:00:03"]
[BlackClock "0:00:04"]

1. d4 Nf6 2. c4 c5 3. d5 e6 4. Nc3 exd5 5. cxd5 d6 6. e4 g6 7. Nge2 Bg7 8. Ng3 O-O 9. Be2 h5 10. O-O h4 11. Nh1 Nbd7 12. a4 h3 13. g4 Ne5 14. f3 Nh7 15. f4 Nd7 16. Be3 f5 17. exf5 gxf5 18. g5 Re8 19. Bf2 Qe7 20. Bd3 Ndf8 21. Re1 Qf7 22. Rxe8 Qxe8 23. Ng3 Qf7 24. Qc2 Bd4 25. Bxd4 cxd4 26. Nce2 Qe7 27. Qd2 Ng6 28. Nxf5 Bxf5 29. Bxf5 Nh4 30. Nxd4 Re8 31. Be6+ Kh8 32. Qc3 Qg7 33. Kh1 Rf8 34. Rf1 Nxg5 35. Rg1 Rxf4 36. Qc8+ Rf8 37. Rxg5 Rxc8 38. Rxg7 Rc4 39. Rg4 Ng2 40. Kg1 Rxa4 41. Kf2 Ra2 42. Rg8+ Kh7 43. Kg3 Rxb2 44. Nf5 Rb3+ 45. Kg4 Ne3+ 46. Nxe3 Rxe3 47. Rb8 Rb3 48. Ra8 a6 49. Rd8 a5 50. Rd7+ Kg6 51. Rxd6 a4 52. Rd7 a3 53. d6 Rb4+ 54. Kg3 Kf6 55. Bg8 Rd4 56. Rf7+ Kg6 57. Rxb7 Rxd6 58. Ra7 Rd3+ 59. Kg4 Kf6 60. Ra6+ Ke5 61. Bh7 Rc3 62. Bg8 Kd4 63. Ra5 Ke3 64. Ra4 Kd2 65. Kh4 Kc1 66. Kg4 Kb2 67. Bf7 Kc2 68. Be6 Kb2 69. Bf5 a2 70. Kh4 a1=Q 71. Rxa1 Kxa1 72. Bxh3 Kb2 73. Bg4 Rc2 74. h3 Rh2 75. Kg5 Rxh3 76. Bxh3 1/2-1/2


[Site "https://www.chess.com"]

[Event "Titled Tuesday Blitz March 07 Late 2023"]
[White "Remolar Gallen, Jose"]
[Black "Zampronha, Wladimir Camilo"]
[WhiteFideId "2215187"]
[BlackFideId "2103087"]
[WhiteElo "2223"]
[BlackElo "2176"]
[Result "0-1"]
[Round "03"]
[TimeControl "180+2"]
[Date "2023.03.07"]
[WhiteClock "0:00:02"]
[BlackClock "0:00:08"]

1. d4 Nf6 2. c4 e6 3. Nc3 Bb4 4. e3 O-O 5. Ne2 c5 6. d5 exd5 7. cxd5 Re8 8. a3 Bxc3+ 9. Nxc3 d6 10. Be2 Nbd7 11. O-O a6 12. b4 cxb4 13. axb4 Ne4 14. Bb2 Nxc3 15. Bxc3 Nf6 16. Bf3 Bf5 17. Bd4 Be4 18. Bxe4 Rxe4 19. f3 Re8 20. e4 Nd7 21. Qd2 Ne5 22. Rfc1 Qd7 23. Rc2 Rac8 24. Rac1 Rxc2 25. Qxc2 Qb5 26. Qc3 h6 27. Rc2 f6 28. h4 h5 29. Kh2 Kh7 30. Bf2 Qf1 31. Bg3 Qb5 32. Rc1 Re7 33. Qc8 Qe2 34. Qf5+ g6 35. Qxf6 Rf7 36. Qe6 Nxf3+ 37. Kh3 Rg7 38. gxf3 Qxf3 39. Qxd6 Qg4+ 40. Kh2 Qe2+ 41. Kg1 Qe3+ 42. Kg2 Qd2+ 43. Kh3 Qxc1 44. Qe6 Qh1+ 45. Bh2 Qf3+ 46. Bg3 Rc7 47. d6 Qh1+ 48. Bh2 Rc3# 0-1


[Site "https://www.chess.com"]

[Event "Titled Tuesday Blitz March 07 Late 2023"]
[White "Crispin Ferreras, Darvi Abraham"]
[Black "Liu, Eric"]
[WhiteFideId "6402771"]
[BlackFideId "30960240"]
[WhiteElo "2106"]
[BlackElo "2094"]
[Result "1-0"]
[Round "03"]
[TimeControl "180+2"]
[Date "2023.03.07"]
[WhiteClock "0:02:12"]
[BlackClock "0:02:49"]

1. d4 b6 2. c4 Bb7 3. Nc3 Nf6 4. Nf3 e6 5. g3 Bb4 6. Bg2 O-O 7. O-O d6 8. Qb3 Bxc3 9. Qxc3 Nbd7 10. b3 c5 11. Bb2 Qe7 12. Rad1 Rfd8 13. Rfe1 cxd4 14. Nxd4 Bxg2 15. Kxg2 Rac8 16. Qf3 Ne5 17. Qf4 Qb7+ 18. f3 Nxc4 19. bxc4 e5 20. Qg5 exd4 21. Bxd4 Ne8 22. e4 Rxc4 23. Qxd8 Rc8 24. Qg5 Qa6 25. e5 Qxa2+ 26. Rd2 Qe6 27. exd6 Qxe1 28. d7 Ra8 29. dxe8=Q+ Rxe8 30. Qxg7# 1-0


[Site "https://www.chess.com"]

[Event "Titled Tuesday Blitz March 07 Late 2023"]
[White "Kokoszczynski, Jan"]
[Black "Good, Daniel"]
[WhiteFideId "1174460"]
[BlackFideId "1302388"]
[WhiteElo "2139"]
[BlackElo "2268"]
[Result "1-0"]
[Round "03"]
[TimeControl "180+2"]
[Date "2023.03.07"]
[WhiteClock "0:00:19"]
[BlackClock "0:00:03"]

1. e4 e6 2. d4 b6 3. Bd3 Bb7 4. Nf3 Nf6 5. Qe2 d5 6. e5 Ne4 7. O-O c5 8. c3 Be7 9. Nbd2 Nxd2 10. Bxd2 O-O 11. g3 a5 12. a4 Ba6 13. Bb5 c4 14. Bxa6 Rxa6 15. h4 Qd7 16. Kg2 b5 17. h5 bxa4 18. Ra2 Rb6 19. Rfa1 a3 20. bxa3 a4 21. h6 g6 22. Bg5 Rb3 23. Bxe7 Qxe7 24. Qe3 Nc6 25. Nh2 f5 26. exf6 Qxf6 27. Re1 Re8 28. Ng4 Qf5 29. Ne5 Nxe5 30. dxe5 Qd3 31. Qa7 Qf5 32. Qg7# 1-0


[Site "https://www.chess.com"]

[Event "Titled Tuesday Blitz March 07 Late 2023"]
[White "Kaplan, Avi Harrison"]
[Black "De Souza, Cristiano Gomes"]
[WhiteFideId "30934559"]
[BlackFideId "2151758"]
[WhiteElo "1983"]
[BlackElo "2068"]
[Result "0-1"]
[Round "03"]
[TimeControl "180+2"]
[Date "2023.03.07"]
[WhiteClock "0:00:11"]
[BlackClock "0:01:29"]

1. g3 Nf6 2. Bg2 g6 3. b3 Bg7 4. Bb2 O-O 5. d3 c5 6. Nd2 Nc6 7. e3 d6 8. Ne2 Bd7 9. O-O Qc8 10. a3 Bh3 11. c4 Bxg2 12. Kxg2 a6 13. d4 b5 14. dxc5 dxc5 15. cxb5 axb5 16. Rc1 Qb7 17. Kg1 Nd7 18. Bxg7 Kxg7 19. Qc2 Rfd8 20. Ne4 Nce5 21. f4 Ng4 22. h3 Ngf6 23. Nxc5 Nxc5 24. Qxc5 Rd2 25. Rc2 Rad8 26. Rxd2 Rxd2 27. Re1 Qf3 28. Qxb5 Qxe3+ 29. Kg2 Ne4 30. Qe5+ Kh6 31. h4 Rxe2+ 32. Rxe2 Qxe2+ 33. Kg1 Qf2+ 34. Kh1 Nxg3# 0-1


[Site "https://www.chess.com"]

[Event "Titled Tuesday Blitz March 07 Late 2023"]
[White "Hirneise, Jens"]
[Black "Kukavica, Tony"]
[WhiteFideId "24614734"]
[BlackFideId "2062542"]
[WhiteElo "2345"]
[BlackElo "1993"]
[Result "1-0"]
[Round "03"]
[TimeControl "180+2"]
[Date "2023.03.07"]
[WhiteClock "0:00:36"]
[BlackClock "0:00:06"]

1. e4 c5 2. Nc3 e6 3. f4 d6 4. Nf3 Nf6 5. d3 Be7 6. g3 O-O 7. Bg2 Nc6 8. O-O Re8 9. h3 Rb8 10. g4 Nd7 11. g5 b5 12. h4 b4 13. Ne2 a5 14. Be3 Ba6 15. Ng3 c4 16. Rf2 cxd3 17. cxd3 Nc5 18. Bf1 d5 19. e5 d4 20. Bc1 Bf8 21. h5 Ne7 22. h6 g6 23. Ne4 Nf5 24. Nf6+ Kh8 25. Nxe8 Qxe8 26. Bd2 Nxd3 27. Bxd3 Bxd3 28. Bxb4 Be4 29. Bxf8 Qxf8 30. Rc1 Qb4 31. b3 Bd5 32. Rfc2 Ne7 33. Qxd4 Qb7 34. Rc7 Rc8 35. Rxb7 Rxc1+ 36. Kf2 Rc2+ 37. Nd2 Bxb7 38. Qd7 Ng8 39. Qxf7 Rxd2+ 40. Ke3 Rd7 41. Qxd7 Ne7 42. Qxe7 a4 43. b4 a3 44. b5 Kg8 45. Qg7# 1-0


[Site "https://www.chess.com"]

[Event "Titled Tuesday Blitz March 07 Late 2023"]
[White "Petrovic, Aleksa"]
[Black "Skaric, Djuro"]
[WhiteFideId "967629"]
[BlackFideId "934569"]
[WhiteElo "2326"]
[BlackElo "2282"]
[Result "1-0"]
[Round "03"]
[TimeControl "180+2"]
[Date "2023.03.07"]
[WhiteClock "0:00:15"]
[BlackClock "0:00:48"]

1. d4 d6 2. Nf3 g6 3. c4 Bg7 4. Nc3 Nf6 5. e4 O-O 6. Be2 Nc6 7. O-O e5 8. d5 Ne7 9. b4 h6 10. c5 Ne8 11. Nd2 f5 12. Nc4 h5 13. a4 Rf7 14. a5 f4 15. Ba3 Bf8 16. b5 Kh7 17. b6 axb6 18. axb6 Ng8 19. bxc7 Rxc7 20. Nb5 Rxa3 21. Rxa3 Rxc5 22. Nd2 Bd7 23. Qb1 Ngf6 24. Nc3 b6 25. Rc1 Bh6 26. f3 g5 27. Nb3 Rc8 28. Nb5 g4 29. Na7 Rxc1+ 30. Qxc1 gxf3 31. Bxf3 Ng4 32. h3 Qh4 33. hxg4 hxg4 34. Nd2 g3 35. Qd1 Qh2+ 36. Kf1 Bh3 37. Nc6 Nf6 38. Ra7+ Kg6 39. Ne7+ Kg5 40. Ke2 Bxg2 41. Kd3 Bh3 42. Be2 g2 43. Nf3+ Kg4 44. Nxh2+ Kg3 45. Qg1 1-0


[Site "https://www.chess.com"]

[Event "Titled Tuesday Blitz March 07 Late 2023"]
[White "Fajdetic, Hrvoje"]
[Black "Ehlvest, Jaan"]
[WhiteFideId "14501945"]
[BlackFideId "4500016"]
[WhiteElo "2185"]
[BlackElo "2442"]
[Result "0-1"]
[Round "03"]
[TimeControl "180+2"]
[Date "2023.03.07"]
[WhiteClock "0:00:01"]
[BlackClock "0:00:15"]

1. d4 Nf6 2. Bf4 c5 3. e3 Qb6 4. Na3 d6 5. Nc4 Qc7 6. a4 Be6 7. Nd2 cxd4 8. exd4 Nc6 9. c3 g6 10. Ngf3 Bg7 11. Bd3 O-O 12. O-O Bd5 13. Re1 Rfe8 14. h3 Rad8 15. Bh2 e5 16. dxe5 dxe5 17. Qe2 Qd7 18. Bb5 e4 19. Nd4 Nxd4 20. cxd4 Bc6 21. Nb3 a6 22. Bxc6 Qxc6 23. Qe3 Nd5 24. Qd2 f5 25. Rec1 Qb6 26. Nc5 Kh8 27. Be5 Nb4 28. Bxg7+ Kxg7 29. Qg5 Rxd4 30. a5 Qf6 31. Qe3 Nd5 0-1


[Site "https://www.chess.com"]

[Event "Titled Tuesday Blitz March 07 Late 2023"]
[White "Romkachess"]
[Black "Torres Dominguez, David"]
[BlackFideId "2220857"]
[WhiteElo "2518"]
[BlackElo "1999"]
[Result "0-1"]
[Round "03"]
[TimeControl "180+2"]
[Date "2023.03.07"]
[WhiteClock "0:00:04"]
[BlackClock "0:00:32"]

1. d4 e5 2. dxe5 d6 3. exd6 Bxd6 4. Nf3 Bg4 5. e4 Qe7 6. Nc3 Nc6 7. h3 Bh5 8. Bd3 O-O-O 9. g4 Bg6 10. Qe2 Nf6 11. Bg5 h6 12. Bd2 Rhe8 13. O-O-O Nxe4 14. Nxe4 Bxe4 15. Bxe4 Qxe4 16. Qxe4 Rxe4 17. Rhe1 Rde8 18. Rxe4 Rxe4 19. Be3 Bf4 20. Re1 Bxe3+ 21. Rxe3 Rxe3 22. fxe3 Kd7 23. Kd2 g6 24. a3 a6 25. c4 Kd6 26. Kc3 Ne5 27. Nd2 c5 28. b4 cxb4+ 29. axb4 h5 30. Ne4+ Kc6 31. gxh5 gxh5 32. Nf6 h4 33. Ne4 Nf3 34. Kd3 b6 35. Nf2 a5 36. b5+ Kc5 37. Ne4+ Kb4 38. Nd6 a4 39. Kc2 Ng5 40. e4 Nxh3 41. Nxf7 Nf4 42. Ng5 Kxc4 43. Kb2 Kxb5 44. e5 h3 45. Nf3 Nd3+ 46. Ka3 Nxe5 47. Nxe5 h2 0-1


[Site "https://www.chess.com"]

[Event "Titled Tuesday Blitz March 07 Late 2023"]
[White "Awoki, Daniel Teidi"]
[Black "Kochetov, Andrey"]
[WhiteFideId "2100827"]
[BlackFideId "24130532"]
[WhiteElo "2087"]
[BlackElo "2515"]
[Result "0-1"]
[Round "03"]
[TimeControl "180+2"]
[Date "2023.03.07"]
[WhiteClock "0:00:03"]
[BlackClock "0:00:25"]

1. e4 e5 2. Nf3 Nf6 3. Nc3 Nc6 4. Bb5 Bb4 5. O-O d6 6. d3 O-O 7. Bg5 Bg4 8. Nd5 Bc5 9. Nxf6+ gxf6 10. Bh6 Re8 11. c3 Qd7 12. Kh1 a6 13. Ba4 b5 14. Bc2 Ne7 15. Qd2 Bxf3 16. gxf3 Qh3 17. Rg1+ Ng6 18. Rg3 Qh5 19. Rag1 Bxf2 20. Qxf2 Qxh6 21. f4 Qxf4 22. Qxf4 exf4 23. Rf3 Kh8 24. Bb3 Re7 25. d4 Rxe4 26. Bd5 Rae8 27. Bxe4 Rxe4 28. Rf2 f5 29. Rgf1 Kg7 30. Kg2 Kf6 31. Rd1 Re3 32. a4 Ke6 33. axb5 axb5 34. Kf1 Kd5 35. Re1 Ke4 36. Ra1 Kd3 37. Ra7 Re7 38. Rb7 Kc4 39. Re2 Rd7 40. Re8 Ne7 41. Reb8 Kd3 42. Rxb5 Ke3 43. Ra5 f3 44. Raa8 c5 45. Rd8 Rb7 46. Rdb8 Rd7 47. b4 cxd4 48. cxd4 Rc7 49. Ra3+ Kf4 50. b5 Nd5 51. Ra1 Rc2 52. Re8 Rxh2 53. Kg1 Rb2 54. Rb8 f2+ 55. Kg2 Ne3+ 56. Kh3 f1=Q+ 57. Rxf1+ Nxf1 58. b6 Rh2# 0-1


[Site "https://www.chess.com"]

[Event "Titled Tuesday Blitz March 07 Late 2023"]
[White "Rose, Felix"]
[Black "Sokac, Marko"]
[WhiteFideId "5105722"]
[BlackFideId "14531356"]
[WhiteElo "2039"]
[BlackElo "2355"]
[Result "0-1"]
[Round "03"]
[TimeControl "180+2"]
[Date "2023.03.07"]
[WhiteClock "0:00:18"]
[BlackClock "0:01:07"]

1. e4 d6 2. d4 Nf6 3. Nc3 c6 4. f4 Qa5 5. Bd3 e5 6. Nf3 exd4 7. Nxd4 Qb6 8. Nb3 a5 9. Qe2 a4 10. Be3 Qb4 11. a3 axb3 12. axb4 Rxa1+ 13. Kd2 Rxh1 14. e5 dxe5 15. Bb6 Be7 16. Qxe5 Nbd7 17. Qc7 Nxb6 18. Qxb6 O-O 19. cxb3 Rd8 20. Kc2 Rxh2 21. Bf1 Rh1 22. Bd3 Rh2 23. Qf2 Ng4 24. Qg3 Rxg2+ 25. Qxg2 Ne3+ 0-1


[Site "https://www.chess.com"]

[Event "Titled Tuesday Blitz March 07 Late 2023"]
[White "Bernat, David"]
[Black "Dylag, Emilia"]
[WhiteFideId "2099225"]
[BlackFideId "21805172"]
[WhiteElo "2514"]
[BlackElo "1878"]
[Result "1-0"]
[Round "03"]
[TimeControl "180+2"]
[Date "2023.03.07"]
[WhiteClock "0:00:56"]
[BlackClock "0:00:21"]

1. c4 Nf6 2. Nc3 e6 3. e4 d5 4. e5 Nfd7 5. d4 dxc4 6. Bxc4 Nb6 7. Bb3 c5 8. Nf3 cxd4 9. Qxd4 Qxd4 10. Nxd4 a6 11. O-O Bc5 12. Be3 Bxd4 13. Bxd4 N6d7 14. Ne4 Kf8 15. Nd6 Nc6 16. Bc3 Ndxe5 17. f4 Nd3 18. f5 Ke7 19. Nxc8+ Rhxc8 20. f6+ gxf6 21. Bxf6+ Ke8 22. Bc2 Ncb4 23. Bxd3 Nxd3 24. Rf3 Rc1+ 25. Rxc1 Nxc1 26. Rh3 Ne2+ 27. Kf2 Nf4 28. Rxh7 Ng6 29. h4 Rc8 30. h5 Rc2+ 31. Ke1 Nf4 32. h6 Nh5 33. Bc3 Rxg2 34. Rh8+ Ke7 35. h7 Nf6 36. Bxf6+ Kxf6 37. Rg8 1-0


[Site "https://www.chess.com"]

[Event "Titled Tuesday Blitz March 07 Late 2023"]
[White "Roberson, Peter T"]
[Black "Hartikainen, Jarmo"]
[WhiteFideId "412384"]
[BlackFideId "503134"]
[WhiteElo "2346"]
[BlackElo "2206"]
[Result "1-0"]
[Round "03"]
[TimeControl "180+2"]
[Date "2023.03.07"]
[WhiteClock "0:01:37"]
[BlackClock "0:00:02"]

1. d4 Nf6 2. Bg5 g6 3. Bxf6 exf6 4. Nf3 f5 5. g3 Bg7 6. Bg2 O-O 7. O-O d6 8. c3 Nd7 9. Nbd2 Nf6 10. Qc2 Re8 11. Rfe1 c6 12. a4 a5 13. Nc4 Ne4 14. Nfd2 Nxd2 15. Qxd2 d5 16. Ne5 Bxe5 17. dxe5 Rxe5 18. h4 Bd7 19. h5 Qf6 20. Qd4 Rae8 21. e3 Qg5 22. hxg6 hxg6 23. f4 Qxg3 24. fxe5 g5 25. Rf1 g4 26. Rf4 Qh4 27. Raf1 Be6 28. Rxf5 Bxf5 29. Rxf5 g3 30. Qxh4 1-0


[Site "https://www.chess.com"]

[Event "Titled Tuesday Blitz March 07 Late 2023"]
[White "Ezat, Mohamed"]
[Black "Gurevich, Ilya"]
[WhiteFideId "10600906"]
[BlackFideId "2000628"]
[WhiteElo "2386"]
[BlackElo "2152"]
[Result "1-0"]
[Round "03"]
[TimeControl "180+2"]
[Date "2023.03.07"]
[WhiteClock "0:00:49"]
[BlackClock "0:00:01"]

1. d4 Nf6 2. c4 g6 3. Nc3 Bg7 4. e4 d6 5. Be2 O-O 6. Bg5 c5 7. d5 h6 8. Bf4 e6 9. Qd2 exd5 10. exd5 Kh7 11. Nf3 Bf5 12. O-O Re8 13. Rae1 Ne4 14. Nxe4 Bxe4 15. h3 Qb6 16. Bd3 f5 17. Bxe4 fxe4 18. Nh2 Nd7 19. b3 a5 20. Ng4 h5 21. Ne3 a4 22. Rb1 a3 23. Nd1 Ne5 24. Nc3 Qa5 25. Nxe4 Qxd2 26. Bxd2 Nxc4 27. Ng5+ Kg8 28. bxc4 Re2 29. Nf3 Bb2 30. Rbe1 Rxe1 31. Rxe1 Ra4 32. Re4 b5 33. Re6 b4 34. Re8+ Kf7 35. Rb8 Ke7 36. Ng5 Kd7 37. Ne4 Kc7 38. Rb5 Ra8 39. Bf4 Re8 40. Rxc5+ Kb7 41. Nxd6+ Kb6 42. Rb5+ Ka6 43. Nxe8 1-0


[Site "https://www.chess.com"]

[Event "Titled Tuesday Blitz March 07 Late 2023"]
[White "Nilsen, Tobias Lang"]
[Black "Dorato, Adriano"]
[WhiteFideId "1521624"]
[BlackFideId "2802894"]
[WhiteElo "2183"]
[BlackElo "1709"]
[Result "1-0"]
[Round "03"]
[TimeControl "180+2"]
[Date "2023.03.07"]
[WhiteClock "0:02:15"]
[BlackClock "0:00:38"]

1. e4 c5 2. Nf3 g6 3. c3 d5 4. e5 Bg7 5. d4 cxd4 6. cxd4 Nc6 7. Bb5 Bd7 8. Bxc6 Bxc6 9. O-O e6 10. Bg5 Ne7 11. Nc3 O-O 12. b4 Qd7 13. a4 Qc7 14. b5 Be8 15. Qb3 Nf5 16. Rfc1 Qd7 17. Rc2 Rc8 18. Bc1 Qd8 19. Ba3 Ne7 20. Bxe7 Qxe7 21. Nxd5 Qd8 22. Rxc8 Qxc8 23. Ne7+ 1-0


[Site "https://www.chess.com"]

[Event "Titled Tuesday Blitz March 07 Late 2023"]
[White "Munoz Misselis, Nelson Carlos"]
[Black "reevecanada"]
[WhiteFideId "6601790"]
[WhiteElo "1749"]
[BlackElo "2511"]
[Result "0-1"]
[Round "03"]
[TimeControl "180+2"]
[Date "2023.03.07"]
[WhiteClock "0:02:45"]
[BlackClock "0:02:44"]

1. d4 Nf6 2. c4 e6 3. Nc3 Bb4 4. Qc2 d5 5. e3 h6 6. Nf3 O-O 7. a3 Bxc3+ 8. Qxc3 Ne4 9. Qc2 c5 10. Bd3 Qa5+ 11. Bd2 Nxd2 12. Qd1 Nxf3+ 13. Kf1 Nd2+ 14. Ke2 Nxc4 15. dxc5 Nxb2 16. Qc2 Nxd3 17. Qxd3 Na6 18. Rhc1 Nxc5 19. Qd4 Nb3 0-1


[Site "https://www.chess.com"]

[Event "Titled Tuesday Blitz March 07 Late 2023"]
[White "Poliakova, Varvara"]
[Black "Djordjevic, Dejan N"]
[WhiteFideId "13518313"]
[BlackFideId "913316"]
[WhiteElo "2075"]
[BlackElo "2261"]
[Result "0-1"]
[Round "03"]
[TimeControl "180+2"]
[Date "2023.03.07"]
[WhiteClock "0:00:12"]
[BlackClock "0:00:44"]

1. e4 c5 2. Nf3 Nc6 3. d4 cxd4 4. Nxd4 Nf6 5. Nc3 Qb6 6. Nb3 e6 7. Be3 Qc7 8. Be2 a6 9. a4 b6 10. O-O d6 11. f3 Be7 12. Qe1 O-O 13. Qf2 Rb8 14. Rad1 Ne5 15. Nd4 Nc4 16. Bc1 Rd8 17. b3 Ne5 18. Bb2 Bf8 19. h3 Nc6 20. Nxc6 Qxc6 21. Bd3 Nd7 22. Ne2 Nc5 23. Nd4 Qc7 24. h4 Bd7 25. h5 h6 26. Qg3 b5 27. axb5 axb5 28. Ne2 Nxd3 29. cxd3 Qc2 30. Bxg7 Bxg7 31. Nf4 Qxb3 32. Nh3 Qb4 33. f4 Qd4+ 34. Kh1 Kh8 35. f5 Rg8 36. Qf3 Be5 37. Nf2 Rg5 38. Ng4 exf5 39. exf5 Rxf5 40. Qe2 Rxf1+ 0-1


[Site "https://www.chess.com"]

[Event "Titled Tuesday Blitz March 07 Late 2023"]
[White "Moral Garcia, Serafin"]
[Black "Ward, Ieuan C"]
[WhiteFideId "2201925"]
[BlackFideId "406627"]
[WhiteElo "2254"]
[BlackElo "2339"]
[Result "1-0"]
[Round "03"]
[TimeControl "180+2"]
[Date "2023.03.07"]
[WhiteClock "0:00:20"]
[BlackClock "0:00:11"]

1. c4 e6 2. d4 Nf6 3. Nf3 b6 4. g3 Bb7 5. Bg2 Be7 6. O-O O-O 7. Nc3 Ne4 8. Qc2 Nxc3 9. Qxc3 d6 10. Re1 Be4 11. Bf4 Nd7 12. Nd2 Bxg2 13. Kxg2 c5 14. e4 cxd4 15. Qxd4 e5 16. Qd3 exf4 17. gxf4 Qc7 18. Rad1 Rad8 19. Nb1 Nc5 20. Qf3 f5 21. exf5 Rxf5 22. Nc3 Bf8 23. Nd5 Qf7 24. Qg4 b5 25. b3 bxc4 26. bxc4 Qg6 27. h3 Rb8 28. Re3 Qxg4+ 29. hxg4 Rf7 30. Rd2 Rfb7 31. Rde2 Rb2 32. f5 Rxe2 33. Rxe2 Nd3 34. f4 Rb2 35. Kf3 Rxe2 36. Kxe2 Nc5 37. f6 Kf7 38. fxg7 Bxg7 39. Kf3 Ke6 40. Nc7+ Kd7 41. Nd5 Ne6 42. Ke4 Nc7 43. Ne3 Ke6 44. g5 Bb2 45. f5+ Kf7 46. Ng2 Bc1 47. Nf4 Bxf4 48. Kxf4 Nd5+ 49. cxd5 1-0


[Site "https://www.chess.com"]

[Event "Titled Tuesday Blitz March 07 Late 2023"]
[White "Vargas Rodriguez, Wilver"]
[Black "Graif, William"]
[WhiteFideId "3509672"]
[BlackFideId "2609835"]
[WhiteElo "2238"]
[BlackElo "2205"]
[Result "0-1"]
[Round "03"]
[TimeControl "180+2"]
[Date "2023.03.07"]
[WhiteClock "0:00:01"]
[BlackClock "0:00:21"]

1. e4 e5 2. Nf3 Bc5 3. Nc3 Nf6 4. Bc4 Nc6 5. d3 d6 6. h3 a6 7. a3 h6 8. O-O g5 9. Nh2 Be6 10. Bxe6 fxe6 11. Be3 Qd7 12. Bxc5 dxc5 13. Ng4 Nxg4 14. Qxg4 O-O-O 15. Na4 Qe7 16. Qe2 h5 17. b3 g4 18. hxg4 hxg4 19. f3 Nd4 20. Qd2 gxf3 21. g3 Rdg8 22. Kf2 Rh2+ 23. Ke3 Re2+ 24. Qxe2 fxe2 0-1


[Site "https://www.chess.com"]

[Event "Titled Tuesday Blitz March 07 Late 2023"]
[White "Battlecruiser_Operational"]
[Black "Kalajzic, Ivan"]
[BlackFideId "14506378"]
[WhiteElo "2251"]
[BlackElo "2203"]
[Result "0-1"]
[Round "03"]
[TimeControl "180+2"]
[Date "2023.03.07"]
[WhiteClock "0:02:10"]
[BlackClock "0:02:28"]

1. Nf3 Nc6 2. c4 e5 3. Nc3 Bc5 4. g3 d6 5. Bg2 Bg4 6. O-O Qd7 7. a3 a5 8. Re1 Bh3 9. Bh1 h5 10. e3 Bg4 11. d4 Ba7 12. Nb5 e4 13. h3 Bxf3 0-1


[Site "https://www.chess.com"]